[Event "Titled Tuesday Blitz September 27 Early 2022"]
[White "Zheenbekov, Nurgazy"]
[Black "Jimenez Almeida, Luis David"]
[WhiteFideId "13800485"]
[BlackFideId "22242244"]
[WhiteElo "1932"]
[BlackElo "2077"]
[Result "0-1"]
[Round "04"]
[TimeControl "180+1"]
[Date "2022.09.27"]
[WhiteClock "0:00:02"]
[BlackClock "0:00:17"]

1. d4 g6 2. c4 Bg7 3. Nc3 c5 4. d5 Bxc3+ 5. bxc3 Qa5 6. Bd2 f5 7. Nf3 Nf6 8. g3 d6 9. Bg2 Nbd7 10. O-O Nb6 11. Qb3 Qa4 12. Ng5 Qxc4 13. e4 fxe4 14. Rfe1 Qxb3 15. axb3 Nbxd5 16. c4 Nb4 17. Nxe4 Nxe4 18. Bxe4 Nc6 19. Bxc6+ bxc6 20. Bg5 e6 21. Rad1 Kd7 22. Bf4 d5 23. cxd5 cxd5 24. Rc1 Bb7 25. Rxc5 Rhc8 26. Rec1 Rc6 27. Rxc6 Bxc6 28. Kf1 a5 29. Ke1 a4 30. bxa4 Rxa4 31. Rc2 Ra1+ 32. Kd2 Rf1 33. Kc3 Re1 34. h4 e5 0-1


[Site "https://www.chess.com"]

[Event "Titled Tuesday Blitz September 27 Early 2022"]
[White "Agasarov, Benik"]
[Black "Hansen, Eric"]
[WhiteFideId "13314823"]
[BlackFideId "2606771"]
[WhiteElo "2152"]
[BlackElo "2568"]
[Result "1/2-1/2"]
[Round "05"]
[TimeControl "180+1"]
[Date "2022.09.27"]
[WhiteClock "0:00:05"]
[BlackClock "0:00:02"]

1. d4 Nf6 2. c4 e6 3. Nc3 Bb4 4. Nf3 O-O 5. Bg5 h6 6. Bh4 c5 7. Rc1 cxd4 8. Nxd4 d5 9. cxd5 Qxd5 10. Bxf6 gxf6 11. a3 Bxc3+ 12. Rxc3 Rd8 13. e3 e5 14. Rxc8 exd4 15. Qg4+ Kf8 16. Bc4 Qd6 17. Rxd8+ Qxd8 18. Qh5 Qc7 19. Qxh6+ Ke7 20. Be2 Qc1+ 21. Bd1 Qxb2 22. O-O d3 23. Qh7 Nc6 24. Qxd3 Rd8 25. Qe4+ Kf8 26. Bh5 Qe5 27. Qh7 Rd7 28. Bg4 Rc7 29. Rd1 Ke7 30. Qg8 Qe4 31. h3 Qa4 32. Bh5 Qb3 33. Qg3 Rd7 34. Rxd7+ Kxd7 35. Qf4 Ke7 36. Qe4+ Kf8 37. Qf5 Ke7 38. Qc8 Ne5 39. Qc7+ Kf8 40. Kh2 Qa2 41. Qxb7 Qxf2 42. Qxa7 Kg7 43. Qd4 Qa2 44. a4 Qa3 45. Qf4 Qc5 46. Bf3 Qb6 47. Qg3+ Kf8 48. Bd5 Qd6 49. e4 Ke7 50. h4 Qb4 51. Qf2 Qxa4 52. Qc5+ Kd7 53. Qb6 Qd1 54. Qb7+ Kd8 55. Qb8+ Kd7 56. Qb7+ Kd8 57. Qb6+ Ke7 58. Qc5+ Ke8 59. Qc8+ Ke7 60. Qc7+ Kf8 61. Qc5+ Kg7 62. Qc3 Ng4+ 63. Kg3 Ne5 64. Kh2 Ng4+ 65. Kg3 Ne5 66. Kh2 1/2-1/2


[Site "https://www.chess.com"]

[Event "Titled Tuesday Blitz September 27 Early 2022"]
[White "Aguilar, Juan"]
[Black "Orlov, Georgi"]
[WhiteFideId "3800091"]
[BlackFideId "2011271"]
[WhiteElo "2336"]
[BlackElo "2578"]
[Result "0-1"]
[Round "05"]
[TimeControl "180+1"]
[Date "2022.09.27"]
[WhiteClock "0:00:14"]
[BlackClock "0:01:32"]

1. g3 b6 2. Bg2 Nc6 3. d3 Bb7 4. Nf3 Nf6 5. O-O e6 6. c4 d5 7. b3 Be7 8. Bb2 O-O 9. Nbd2 a5 10. a3 Qd7 11. Qc2 Rfd8 12. Rad1 Qe8 13. e4 dxe4 14. Nxe4 Nxe4 15. dxe4 Qf8 16. Qc1 Bc5 17. h4 h6 18. h5 Qe7 19. g4 e5 20. Qa1 f6 21. Nh4 Nd4 22. Nf5 Nxf5 23. gxf5 Rxd1 24. Rxd1 Rd8 25. Bf3 Rd6 26. Qc1 Qd8 27. Rxd6 Qxd6 28. a4 Qd3 29. Qe1 Qxf3 0-1


[Site "https://www.chess.com"]

[Event "Titled Tuesday Blitz September 27 Early 2022"]
[White "Ahn, Hongjin"]
[Black "Hafiz, Arif Abdul"]
[WhiteFideId "13201492"]
[BlackFideId "7104227"]
[WhiteElo "2565"]
[BlackElo "2750"]
[Result "1/2-1/2"]
[Round "05"]
[TimeControl "180+1"]
[Date "2022.09.27"]
[WhiteClock "0:00:22"]
[BlackClock "0:01:04"]

1. c4 e5 2. Nf3 Nc6 3. Nc3 Nf6 4. e4 Bc5 5. Nxe5 Nxe5 6. d4 Bd6 7. c5 Bxc5 8. dxe5 Ng8 9. Bc4 Ne7 10. Bg5 h6 11. Qh5 O-O 12. Nd5 hxg5 13. Nf6+ gxf6 14. exf6 d5 15. Qh6 Nf5 16. exf5 Re8+ 17. Kf1 Bf8 18. Qxg5+ Kh7 19. Qh5+ Kg8 20. Qg5+ Kh7 21. Qh5+ Kg8 22. Qg5+ 1/2-1/2


[Site "https://www.chess.com"]

[Event "Titled Tuesday Blitz September 27 Early 2022"]
[White "Al-Tarboush, Ward"]
[Black "Hambleton, Aman"]
[WhiteFideId "7601450"]
[BlackFideId "2606577"]
[WhiteElo "2234"]
[BlackElo "2538"]
[Result "1-0"]
[Round "05"]
[TimeControl "180+1"]
[Date "2022.09.27"]
[WhiteClock "0:02:14"]
[BlackClock "0:00:01"]

1. e4 b6 2. d4 Bb7 3. Bd3 e6 4. Nf3 Nf6 5. e5 Nd5 6. c4 Ne7 7. Nc3 Qc8 8. Be4 h6 9. d5 Na6 10. Nb5 c6 11. Nd6+ Kd8 12. Nxf7+ Kc7 13. dxe6 Kb8 14. exd7 1-0


[Site "https://www.chess.com"]

[Event "Titled Tuesday Blitz September 27 Early 2022"]
[White "Aldokhin, Ivan"]
[Black "Srihari L R"]
[WhiteFideId "24115720"]
[BlackFideId "46617116"]
[WhiteElo "2243"]
[BlackElo "2208"]
[Result "0-1"]
[Round "05"]
[TimeControl "180+1"]
[Date "2022.09.27"]
[WhiteClock "0:00:03"]
[BlackClock "0:00:37"]

1. e4 e6 2. d4 d5 3. Nc3 Nf6 4. e5 Nfd7 5. f4 c5 6. Nf3 Nc6 7. Be3 a6 8. Qd2 b5 9. dxc5 Bxc5 10. Bd3 d4 11. Nxd4 Bxd4 12. Bxd4 Nxd4 13. Be4 Nb6 14. O-O-O b4 15. Nb1 Rb8 16. Qxd4 Qxd4 17. Rxd4 a5 18. Rhd1 Ke7 19. a3 bxa3 20. Nxa3 Bb7 21. Nc4 Bxe4 22. Rxe4 Nd5 23. Nxa5 Rb6 24. c4 Rc8 25. Kb1 Nc3+ 26. Kc2 Nxe4 27. Rd4 Nc5 28. Kc3 Na4+ 29. Kd3 Nxb2+ 30. Kc3 Na4+ 31. Kd3 Ra6 32. Nb7 Nc5+ 33. Kc3 Nxb7 0-1


[Site "https://www.chess.com"]

[Event "Titled Tuesday Blitz September 27 Early 2022"]
[White "Alexikov, Alexander"]
[Black "Sai Han Thiha"]
[WhiteFideId "14103958"]
[BlackFideId "13012290"]
[WhiteElo "2222"]
[BlackElo "1791"]
[Result "0-1"]
[Round "05"]
[TimeControl "180+1"]
[Date "2022.09.27"]
[WhiteClock "0:01:51"]
[BlackClock "0:00:29"]

1. e4 c6 2. d4 d5 3. Nc3 dxe4 4. Nxe4 Nf6 5. Nxf6+ exf6 6. c3 Bd6 7. Bd3 O-O 8. Qc2 Re8+ 9. Ne2 h5 10. Be3 Nd7 11. O-O-O Nf8 12. Kb1 b5 13. h3 h4 14. Rhe1 Qc7 15. Qd2 Ng6 16. Ng1 Be6 17. Nf3 Bd5 18. Bxg6 Bxf3 19. Bxf7+ Qxf7 20. gxf3 Qd5 21. Bf4 Qf5+ 0-1


[Site "https://www.chess.com"]

[Event "Titled Tuesday Blitz September 27 Early 2022"]
[White "Aliakbarov, Anar"]
[Black "Pacheco Lugo, Alejandro Jose"]
[WhiteFideId "13401858"]
[BlackFideId "3903745"]
[WhiteElo "2210"]
[BlackElo "2146"]
[Result "1/2-1/2"]
[Round "05"]
[TimeControl "180+1"]
[Date "2022.09.27"]
[WhiteClock "0:00:56"]
[BlackClock "0:00:08"]

1. d4 Nf6 2. c4 e6 3. Nc3 Bb4 4. a3 Bxc3+ 5. bxc3 d5 6. cxd5 exd5 7. Bg5 O-O 8. e3 Nbd7 9. Bd3 c6 10. Qc2 Re8 11. Bxh7+ Kf8 12. Bd3 Qa5 13. Ne2 Ne4 14. Bf4 c5 15. O-O Ndf6 16. f3 c4 17. Bxe4 dxe4 18. fxe4 Nxe4 19. Be5 Rxe5 20. dxe5 Qxe5 21. Rf4 Nd6 22. Qd2 Be6 23. Qd4 Qxd4 24. Nxd4 Bd5 25. Rd1 Ne4 26. Ne2 Bc6 27. Rd4 Re8 28. Rxc4 Nd2 29. Rcd4 Nb3 30. Rb4 Rxe3 31. Rf2 Nc5 32. Nf4 Kg8 33. h3 Rxc3 34. Rd4 Rxa3 35. Rd8+ Kh7 36. Nh5 f6 37. Rc8 Ne4 38. Rc2 Kg6 39. Nf4+ Kf5 40. Nh5 g6 41. Ng7+ Kg5 42. Kh2 f5 43. Ne6+ Kf6 44. Nd4 Bd5 45. Nb5 Ra1 46. Nc7 Bc6 47. Ra8 g5 48. Ne8+ Ke7 49. Ng7 Kf6 50. Nh5+ Kg6 51. Ng3 Nxg3 52. Kxg3 f4+ 53. Kh2 a5 54. Rc5 Ra2 55. Kg1 Rxg2+ 56. Kf1 Rg3 57. Raxa5 Bg2+ 58. Kf2 b6 59. Ra6 Bxh3 60. Rxb6+ Kh5 61. Rbb5 Rg2+ 62. Kf3 Rg3+ 63. Kf2 Rg2+ 64. Kf3 Rg3+ 65. Kf2 1/2-1/2


[Site "https://www.chess.com"]

[Event "Titled Tuesday Blitz September 27 Early 2022"]
[White "Aloma Vidal, Robert"]
[Black "Kamsky, Gata"]
[WhiteFideId "2260409"]
[BlackFideId "2000024"]
[WhiteElo "2688"]
[BlackElo "2910"]
[Result "0-1"]
[Round "05"]
[TimeControl "180+1"]
[Date "2022.09.27"]
[WhiteClock "0:00:10"]
[BlackClock "0:00:46"]

1. e4 c5 2. c3 d5 3. exd5 Qxd5 4. d4 Nf6 5. Nf3 cxd4 6. cxd4 e6 7. Nc3 Qd8 8. Bd3 Nc6 9. O-O Be7 10. Re1 O-O 11. a3 a6 12. Bg5 h6 13. Bh4 Nd5 14. Bg3 Nxc3 15. bxc3 b5 16. a4 b4 17. c4 Bf6 18. Be4 Bb7 19. d5 exd5 20. cxd5 Ne7 21. d6 Bxe4 22. Rxe4 Bxa1 23. Qxa1 Nf5 24. Bf4 b3 25. g4 Nxd6 26. Rd4 Qf6 27. Qa3 Nb7 28. Qxb3 Nc5 29. Qc4 Ne6 30. Re4 Rfc8 31. Qb4 a5 32. Qd2 Rd8 33. Qe3 Nxf4 34. Rxf4 Qc6 35. h4 Rd1+ 36. Kh2 Re8 37. Qa3 Qd5 38. g5 hxg5 39. hxg5 Re4 40. Rxe4 Qxe4 41. Kg3 Rd3 0-1


[Site "https://www.chess.com"]

[Event "Titled Tuesday Blitz September 27 Early 2022"]
[White "Arabidze, Meri"]
[Black "Svane, Rasmus"]
[WhiteFideId "13604040"]
[BlackFideId "4657101"]
[WhiteElo "2335"]
[BlackElo "2674"]
[Result "0-1"]
[Round "05"]
[TimeControl "180+1"]
[Date "2022.09.27"]
[WhiteClock "0:00:06"]
[BlackClock "0:00:12"]

1. Nf3 d5 2. g3 g6 3. Bg2 Bg7 4. O-O e5 5. d3 Nc6 6. e4 dxe4 7. dxe4 Qxd1 8. Rxd1 Bg4 9. c3 f6 10. h3 Be6 11. Be3 Bh6 12. Bxh6 Nxh6 13. Na3 Ke7 14. Bf1 Nf7 15. Kg2 Nd6 16. Nb5 Nxb5 17. Bxb5 Na5 18. b3 Rhd8 19. g4 a6 20. Be2 g5 21. Ne1 b6 22. Nc2 Nb7 23. Ne3 Nc5 24. f3 a5 25. Bb5 Rxd1 26. Rxd1 Rd8 27. Rxd8 Kxd8 28. Kf2 Ke7 29. Ke2 Kd6 30. Bc4 Bc8 31. Bg8 h6 32. Nd5 Nd7 33. Bh7 Bb7 34. Ne3 Nf8 35. Nf5+ Kd7 36. Bg8 Ng6 37. Nxh6 Nf4+ 38. Ke3 Nxh3 39. Bc4 c6 40. a4 Kd6 41. Ng8 Bc8 42. Nxf6 Kc5 43. Bf7 b5 44. Be8 b4 45. c4 Nf4 46. Bd7 Bxd7 47. Nxd7+ Kd6 48. Nf8 Ke7 49. Nh7 Ne6 50. Nxg5 Nxg5 51. f4 exf4+ 52. Kxf4 Ne6+ 53. Ke5 Nc5 54. g5 Nxb3 55. g6 Nc5 56. g7 Kf7 57. Kd6 Nxe4+ 58. Kxc6 b3 0-1


[Site "https://www.chess.com"]

[Event "Titled Tuesday Blitz September 27 Early 2022"]
[White "Ardila, Oscar Humberto"]
[Black "Shandrygin, Nikita"]
[WhiteFideId "4404742"]
[BlackFideId "24198668"]
[WhiteElo "1898"]
[BlackElo "2323"]
[Result "0-1"]
[Round "05"]
[TimeControl "180+1"]
[Date "2022.09.27"]
[WhiteClock "0:01:04"]
[BlackClock "0:00:35"]

1. d4 Nf6 2. c4 e6 3. Nc3 Bb4 4. Bd2 O-O 5. Nf3 d5 6. e3 c5 7. cxd5 exd5 8. Be2 Nc6 9. O-O Bf5 10. Rc1 Bxc3 11. Bxc3 c4 12. Ne5 Qd6 13. Bf3 b5 14. Nxc6 Qxc6 15. Bb4 Rfe8 16. b3 Be4 17. a4 a6 18. bxc4 bxc4 19. Bxe4 Nxe4 20. a5 Rab8 21. Rb1 Rb5 22. Qc2 Reb8 23. Ba3 Rb3 24. Rxb3 Rxb3 25. Rb1 Qb5 26. Rxb3 Qxb3 27. Qxb3 cxb3 28. Kf1 Nd2+ 29. Ke2 Nc4 30. Bc1 b2 31. Kd1 b1=Q 0-1


[Site "https://www.chess.com"]

[Event "Titled Tuesday Blitz September 27 Early 2022"]
[White "Arutinian, David"]
[Black "Yang, Ray"]
[WhiteFideId "13601741"]
[BlackFideId "3220281"]
[WhiteElo "2525"]
[BlackElo "1796"]
[Result "1-0"]
[Round "05"]
[TimeControl "180+1"]
[Date "2022.09.27"]
[WhiteClock "0:02:11"]
[BlackClock "0:01:28"]

1. Nf3 Nf6 2. c4 g6 3. Nc3 Bg7 4. e4 d6 5. d4 O-O 6. Be2 Nbd7 7. O-O e5 8. Qc2 exd4 9. Nxd4 a5 10. Rd1 Nc5 11. f3 Nfd7 12. Be3 b6 13. Ndb5 Ba6 14. Qd2 Rc8 15. Bf1 Qe7 16. Nd5 Qd8 17. Na7 Ra8 18. Nc6 Qh4 19. Nxc7 Rac8 20. Bg5 Qh5 21. Ne7+ Kh8 22. Nxc8 Rxc8 23. Nb5 Bxb5 24. cxb5 Ne5 25. Bf4 1-0


[Site "https://www.chess.com"]

[Event "Titled Tuesday Blitz September 27 Early 2022"]
[White "Azadaliyev, Jahandar"]
[Black "Ravi, Thandalam Shanmugam"]
[WhiteFideId "13425811"]
[BlackFideId "5000238"]
[WhiteElo "1810"]
[BlackElo "2063"]
[Result "0-1"]
[Round "05"]
[TimeControl "180+1"]
[Date "2022.09.27"]
[WhiteClock "0:00:04"]
[BlackClock "0:00:49"]

1. e4 e5 2. Nf3 Nc6 3. Nc3 Nf6 4. a3 g6 5. d4 exd4 6. Nxd4 Bg7 7. Nde2 O-O 8. g3 d6 9. Bg2 Bg4 10. O-O Re8 11. h3 Be6 12. Re1 Nd7 13. Nf4 Nc5 14. Be3 Ne5 15. Bxc5 dxc5 16. Nxe6 Rxe6 17. Qd5 b6 18. Rad1 Rd6 19. Qb7 Nc4 20. Rxd6 Nxd6 21. Qd5 Rc8 22. Rd1 Qe8 23. f4 h5 24. g4 Nb5 25. e5 Nd4 26. Rf1 Nxc2 27. Qe4 Nd4 28. Nd5 c6 29. Ne3 Rd8 30. Kh1 hxg4 31. hxg4 Qe7 32. g5 Qe6 33. Kh2 c4 34. Bh3 Qe7 35. Ng4 Nf5 36. Nf6+ Bxf6 37. gxf6 Rd2+ 38. Bg2 Qf8 39. Qxc6 Ne3 0-1


[Site "https://www.chess.com"]

[Event "Titled Tuesday Blitz September 27 Early 2022"]
[White "Azaladze, Shota"]
[Black "Xiong, Jeffery"]
[WhiteFideId "13603027"]
[BlackFideId "2047640"]
[WhiteElo "2439"]
[BlackElo "2714"]
[Result "1-0"]
[Round "05"]
[TimeControl "180+1"]
[Date "2022.09.27"]
[WhiteClock "0:02:30"]
[BlackClock "0:00:37"]

1. Nf3 c5 2. g3 Nc6 3. Bg2 g6 4. O-O Bg7 5. c3 e5 6. c4 d6 7. Nc3 Nge7 8. Ne1 O-O 9. Nc2 Be6 10. Ne3 Rb8 11. Ned5 a6 12. d3 b5 13. Rb1 Qd7 14. b3 Bh3 15. Ne4 Bxg2 16. Nef6+ 1-0


[Site "https://www.chess.com"]

[Event "Titled Tuesday Blitz September 27 Early 2022"]
[White "Balint, Vilmos"]
[Black "Marin Ramirez, Gerardo"]
[WhiteFideId "718050"]
[BlackFideId "3901068"]
[WhiteElo "2076"]
[BlackElo "1920"]
[Result "0-1"]
[Round "05"]
[TimeControl "180+1"]
[Date "2022.09.27"]
[WhiteClock "0:01:57"]
[BlackClock "0:01:12"]

1. e4 c5 2. Nf3 d6 3. d4 cxd4 4. Nxd4 Nf6 5. Bb5+ Bd7 6. Bxd7+ Nbxd7 7. Nc3 a6 8. O-O e6 9. f3 Be7 10. Be3 Rc8 11. Nce2 O-O 12. a4 d5 13. exd5 Nxd5 14. Bf2 Bc5 15. c4 Nb4 16. b3 Ne5 17. Qd2 Ned3 18. Be3 e5 19. Nf5 Nf4 20. Nxf4 Qxd2 21. Ne7+ Kh8 0-1


[Site "https://www.chess.com"]

[Event "Titled Tuesday Blitz September 27 Early 2022"]
[White "Barash, Anton"]
[Black "Player, Edmund C"]
[WhiteFideId "30935229"]
[BlackFideId "406520"]
[WhiteElo "2249"]
[BlackElo "2092"]
[Result "0-1"]
[Round "05"]
[TimeControl "180+1"]
[Date "2022.09.27"]
[WhiteClock "0:00:01"]
[BlackClock "0:00:12"]

1. e4 e5 2. Nc3 Nf6 3. f4 d5 4. fxe5 Nxe4 5. Qf3 Nxc3 6. dxc3 Be6 7. Bf4 Be7 8. O-O-O c6 9. Qg3 g5 10. Be3 Nd7 11. Nf3 h6 12. Nd4 Qc7 13. Nxe6 fxe6 14. Bd3 O-O-O 15. Rde1 Nxe5 16. Qh3 g4 17. Qh5 Nxd3+ 18. cxd3 e5 19. Qxg4+ Kb8 20. Rhf1 Bd6 21. Rf6 h5 22. Qh3 Qe7 23. Ref1 Rdf8 24. Bg5 Qg7 25. Qh4 Rhg8 26. g3 a5 27. Qxh5 Ka7 28. Rxf8 Rxf8 29. Rxf8 Qxf8 30. Qe2 Qf5 31. Be3+ b6 32. Qf2 Qg4 33. Qf7+ Ka6 34. Qf2 c5 35. Kc2 d4 36. cxd4 cxd4 37. Bd2 Qc8+ 38. Kb1 Qc6 39. h4 Qh1+ 40. Kc2 Bc5 41. Qe1 Qf3 42. Qxe5 Qg2 43. Qf4 a4 44. h5 a3 45. b3 Qh1 46. Qf7 Qa1 47. Qc4+ Kb7 48. Qf7+ Ka6 49. Qc4+ Ka7 50. Qf7+ Kb8 51. Qg8+ Kb7 52. Qf7+ Kc6 53. Bc1 Qxa2+ 54. Kd1 Qg2 55. Qg6+ Kb5 56. h6 Qf1+ 57. Kc2 a2 58. h7 a1=Q 59. Qe8+ Kb4 60. Bd2+ Qc3+ 61. Bxc3+ dxc3 62. h8=Q Qf2+ 63. Kc1 Qd2+ 64. Kb1 Qb2# 0-1


[Site "https://www.chess.com"]

[Event "Titled Tuesday Blitz September 27 Early 2022"]
[White "Barria Zuniga, Daniel"]
[Black "Kravtsiv, Martyn"]
[WhiteFideId "3400816"]
[BlackFideId "14113147"]
[WhiteElo "2653"]
[BlackElo "2815"]
[Result "0-1"]
[Round "05"]
[TimeControl "180+1"]
[Date "2022.09.27"]
[WhiteClock "0:00:03"]
[BlackClock "0:01:00"]

1. d4 d5 2. c4 e6 3. Nf3 Nf6 4. Nc3 Nbd7 5. c5 b6 6. c6 Nb8 7. Qa4 Bd6 8. Bg5 h6 9. Bxf6 Qxf6 10. e4 dxe4 11. Nxe4 Qe7 12. Bd3 Bb4+ 13. Ke2 f5 14. Ned2 O-O 15. Rac1 a5 16. a3 Bd6 17. Rhe1 Ba6 18. Bxa6 Nxa6 19. Kf1 Rae8 20. Re2 Nb8 21. Rce1 Bf4 22. Rxe6 Qf7 23. Rxe8 Rxe8 24. Rxe8+ Qxe8 25. Qc4+ Kh8 26. d5 Bd6 27. Nd4 Qe5 28. N2f3 Qe4 29. Qe2 Qb1+ 30. Qe1 Qxb2 31. Qe8+ Kh7 32. Qxb8 Qa1+ 33. Ke2 Qb2+ 34. Kd3 Qxa3+ 35. Ke2 Qb2+ 36. Kd3 a4 37. Qc8 Qb1+ 38. Kc4 a3 0-1


[Site "https://www.chess.com"]

[Event "Titled Tuesday Blitz September 27 Early 2022"]
[White "Begmuratov, Khumoyun"]
[Black "Ozen, Bahadir"]
[WhiteFideId "14210207"]
[BlackFideId "6337058"]
[WhiteElo "1978"]
[BlackElo "2503"]
[Result "1-0"]
[Round "05"]
[TimeControl "180+1"]
[Date "2022.09.27"]
[WhiteClock "0:00:32"]
[BlackClock "0:00:03"]

1. e4 g6 2. d4 Bg7 3. f4 d5 4. e5 Nh6 5. Nf3 Bg4 6. Be2 Nf5 7. c3 c6 8. Nbd2 Ne3 9. Qb3 Nxg2+ 10. Kf2 Nxf4 11. Qxb7 Nd7 12. Qxc6 Nxe2 13. Kxe2 O-O 14. Qxd5 Qc7 15. Kf2 Nb6 16. Qe4 Bf5 17. Qh4 f6 18. exf6 exf6 19. Re1 Rae8 20. Nf1 Rxe1 21. Nxe1 Re8 22. Qg3 Qd7 23. Ne3 Nd5 24. Nxf5 Qxf5+ 25. Qf3 Qe6 26. Ng2 f5 27. Bg5 Rb8 28. b3 Rc8 29. Re1 Qd7 30. c4 Bxd4+ 31. Kf1 Nf6 32. Rd1 Ng4 33. Qf4 h6 34. Rxd4 hxg5 35. Qxg4 Qe7 36. Qe2 Qf6 37. Rd7 f4 38. Qe7 Qa1+ 39. Ne1 1-0


[Site "https://www.chess.com"]

[Event "Titled Tuesday Blitz September 27 Early 2022"]
[White "Bortnyk, Mykola"]
[Black "Terzi, Alexei"]
[WhiteFideId "14120836"]
[BlackFideId "13505076"]
[WhiteElo "2582"]
[BlackElo "2031"]
[Result "0-1"]
[Round "05"]
[TimeControl "180+1"]
[Date "2022.09.27"]
[WhiteClock "0:00:11"]
[BlackClock "0:00:07"]

1. e4 c5 2. c3 Nf6 3. e5 Nd5 4. g3 Nc6 5. Bg2 e6 6. Nf3 d6 7. Qe2 Be7 8. exd6 Bxd6 9. O-O O-O 10. Na3 a6 11. Nc4 Bc7 12. a4 Nde7 13. Rd1 Nf5 14. d3 h6 15. Nfe5 Nxe5 16. Nxe5 Rb8 17. h3 Qe7 18. Bf4 Rd8 19. a5 Bd6 20. Re1 Qc7 21. Qh5 f6 22. Ng6 Bxf4 23. Nxf4 Qf7 24. Qf3 Ne7 25. g4 e5 26. Nh5 Bd7 27. Qg3 Bc6 28. f4 Bxg2 29. Qxg2 Nc6 30. Qe4 Re8 31. Kh2 Rbd8 32. f5 Rd7 33. Ng3 Red8 34. Re3 Rd6 35. h4 Qb3 36. Rae1 Qxb2+ 37. Ne2 Qb3 38. g5 hxg5 39. hxg5 fxg5 40. Rg1 Rh6+ 41. Kg3 Qd5 42. Kf2 Qxe4 43. dxe4 Rd2 44. Rxg5 Rh2+ 45. Rg2 Rxg2+ 46. Kxg2 Nxa5 47. Kf1 Nc4 48. Rg3 a5 49. f6 Rd7 50. Kf2 Rf7 51. Rxg7+ Rxg7 52. fxg7 Kxg7 53. Nc1 a4 54. Ke2 b5 55. Kd1 Kf6 56. Nd3 Kg5 57. Nxc5 Kf4 58. Kc2 Ke3 59. Kc1 Nd6 60. Kc2 Nxe4 61. Nd7 Kf4 62. Nb6 Nd6 63. Kd3 e4+ 64. Ke2 Nc4 65. Nd5+ Ke5 66. Nb4 Kd6 67. Kd1 a3 68. Kc2 Ke5 69. Kd1 Kf4 70. Ke2 e3 71. Nd5+ Ke4 72. Nb4 Nb2 73. Na2 Na4 74. Kd1 Kd3 75. Nc1+ Kxc3 76. Ne2+ Kd3 77. Nc1+ Kc4 78. Kc2 Nc3 79. Nb3 e2 80. Nd2+ Kb4 81. Nf3 a2 82. Kb2 Kc4 83. Ne1 b4 84. Nc2 b3 85. Ne1 Kd4 86. Ng2 Kd3 87. Nf4+ Ke3 88. Nxe2 Kxe2 89. Ka1 Kd1 90. Kb2 Na4+ 91. Ka1 Nc5 92. Kb2 Nd3+ 93. Ka1 b2+ 94. Kxa2 Kc2 0-1


[Site "https://www.chess.com"]

[Event "Titled Tuesday Blitz September 27 Early 2022"]
[White "Bortnyk, Olexandr"]
[Black "Vogel, Roven"]
[WhiteFideId "14120828"]
[BlackFideId "12908088"]
[WhiteElo "2723"]
[BlackElo "2501"]
[Result "1-0"]
[Round "05"]
[TimeControl "180+1"]
[Date "2022.09.27"]
[WhiteClock "0:00:30"]
[BlackClock "0:00:04"]

1. e4 e5 2. Bc4 Nf6 3. d3 c6 4. Nf3 d5 5. Bb3 Bd6 6. Nc3 O-O 7. O-O dxe4 8. Ng5 Bg4 9. Qd2 Bb4 10. a3 Ba5 11. h3 Bh5 12. Ngxe4 Nxe4 13. dxe4 Qxd2 14. Bxd2 Nd7 15. g4 Bg6 16. f3 Nc5 17. Ba2 Rfd8 18. Rad1 Ne6 19. Bxe6 fxe6 20. Nb1 Bb6+ 21. Kg2 Bd4 22. c3 Bb6 23. Bg5 Rxd1 24. Rxd1 Be8 25. Rd6 Kf7 26. Nd2 h6 27. Bh4 Be3 28. Nc4 Bf4 29. Bd8 b5 30. Na5 Bc1 31. b4 Bxa3 32. Nb7 Bb2 33. Rd3 c5 34. bxc5 Bc6 35. Ba5 Kf6 36. Nd8 Rc8 37. Rd6 Be8 38. Rxe6+ Kg5 39. Rxe8 Rxc5 40. Ne6+ 1-0


[Site "https://www.chess.com"]

[Event "Titled Tuesday Blitz September 27 Early 2022"]
[White "Bowden, Karl"]
[Black "Averjanov, Alexey"]
[WhiteFideId "400548"]
[BlackFideId "14109867"]
[WhiteElo "2468"]
[BlackElo "2647"]
[Result "0-1"]
[Round "05"]
[TimeControl "180+1"]
[Date "2022.09.27"]
[WhiteClock "0:00:01"]
[BlackClock "0:00:08"]

1. e4 c6 2. c4 d5 3. cxd5 cxd5 4. exd5 Nf6 5. Bb5+ Nbd7 6. Nc3 g6 7. d4 Bg7 8. d6 e6 9. Nf3 O-O 10. O-O a6 11. Be2 Nb6 12. Bf4 Bd7 13. Ne5 Rc8 14. Qb3 Nbd5 15. Bg3 b5 16. Bf3 Nxc3 17. bxc3 Ne8 18. Qa3 a5 19. Rab1 f6 20. Nxd7 Qxd7 21. Qxa5 Nxd6 22. Bxd6 Qxd6 23. Rxb5 Rc7 24. Rb6 Qd7 25. Rxe6 Ra7 26. Qd5 Qf7 27. Rd6 Qxd5 28. Bxd5+ Kh8 29. Bb3 Rc8 30. h4 f5 31. Rd1 Rac7 32. Rd3 Bf8 33. Re6 Rxc3 34. Rxc3 Rxc3 35. d5 Rd3 36. Rc6 Kg7 37. Bc4 Rd2 38. a4 Bb4 39. Rc7+ Kh6 40. g3 Ba5 41. Rc6 Bc3 0-1


[Site "https://www.chess.com"]

[Event "Titled Tuesday Blitz September 27 Early 2022"]
[White "Broca Jimenez, Fernando"]
[Black "Estrada Nieto, Julian"]
[WhiteFideId "5104742"]
[BlackFideId "5101018"]
[WhiteElo "2062"]
[BlackElo "2252"]
[Result "0-1"]
[Round "05"]
[TimeControl "180+1"]
[Date "2022.09.27"]
[WhiteClock "0:00:03"]
[BlackClock "0:00:14"]

1. e4 e5 2. Nf3 Nc6 3. Bb5 a6 4. Ba4 Nf6 5. O-O Be7 6. Re1 b5 7. Bb3 d6 8. c3 O-O 9. h3 Bb7 10. d3 Na5 11. Bc2 c5 12. Nbd2 Re8 13. Nf1 h6 14. g4 Bf8 15. Ng3 d5 16. g5 hxg5 17. Bxg5 c4 18. dxc4 Nxc4 19. b3 Na3 20. Bd3 dxe4 21. Bxe4 Qxd1 22. Raxd1 Nxe4 23. Nxe4 f5 24. Ned2 e4 25. Nd4 g6 26. Nf1 Rac8 27. Rc1 Bg7 28. Ne3 b4 29. Nc4 Nxc4 30. bxc4 Rxc4 31. Nb3 Rxc3 32. Be3 Bd5 33. Bd2 Rxc1 34. Rxc1 Bxb3 35. axb3 a5 36. Rc5 Rd8 37. Bf4 Ra8 38. Rc6 a4 39. bxa4 b3 40. Rxg6 b2 41. Rb6 Rxa4 42. Kg2 Ra1 43. Rb8+ Kf7 44. Rb7+ Ke6 45. Rxg7 b1=Q 46. Rg6+ Kf7 0-1


[Site "https://www.chess.com"]

[Event "Titled Tuesday Blitz September 27 Early 2022"]
[White "Brodowski, Piotr"]
[Black "Vovk, Orest"]
[WhiteFideId "1124480"]
[BlackFideId "14113490"]
[WhiteElo "2312"]
[BlackElo "2203"]
[Result "1-0"]
[Round "05"]
[TimeControl "180+1"]
[Date "2022.09.27"]
[WhiteClock "0:01:43"]
[BlackClock "0:01:25"]

1. c4 g5 2. d4 h6 3. Nc3 Bg7 4. e4 c5 5. Be3 cxd4 6. Bxd4 Bxd4 7. Qxd4 Nf6 8. e5 Nc6 9. Qe3 Ng4 10. Qe4 Ngxe5 11. O-O-O Qa5 12. Rd5 Qb6 13. Rxe5 Qxf2 14. Rf5 Qb6 15. Nd5 Qd8 16. Be2 d6 17. Rxf7 Qa5 18. Rxe7+ Kd8 19. Bh5 Bd7 20. Rxd7+ Kxd7 21. Qf5+ Kd8 22. Qf6+ Kd7 23. Bg4+ 1-0


[Site "https://www.chess.com"]

[Event "Titled Tuesday Blitz September 27 Early 2022"]
[White "Bryakin, Mikhail"]
[Black "Kukula, Pawel"]
[WhiteFideId "4165314"]
[BlackFideId "1115081"]
[WhiteElo "2357"]
[BlackElo "2062"]
[Result "1/2-1/2"]
[Round "05"]
[TimeControl "180+1"]
[Date "2022.09.27"]
[WhiteClock "0:01:05"]
[BlackClock "0:00:33"]

1. Nf3 g6 2. g3 Bg7 3. Bg2 Nf6 4. O-O O-O 5. b3 d6 6. Bb2 b5 7. a4 b4 8. d3 Bb7 9. Nbd2 c5 10. e4 Nc6 11. Re1 Ng4 12. Bxg7 Kxg7 13. h3 Nge5 14. Nxe5 dxe5 15. Nc4 Ba6 16. Ne3 e6 17. Qc1 h5 18. h4 Nd4 19. Qd2 Rc8 20. Rad1 Qa5 21. Nf1 f6 22. Nh2 Rc7 23. Rf1 Qb6 24. Kh1 Qd6 25. f4 Rcf7 26. Rf2 exf4 27. gxf4 e5 28. Rdf1 Bc8 29. Nf3 Nxf3 30. Rxf3 Bg4 31. R3f2 exf4 32. Rxf4 Qe5 33. Qf2 Be6 34. Qg3 Bg4 35. Kh2 Qe7 36. R1f2 g5 37. hxg5 fxg5 38. Rxf7+ Rxf7 39. Rxf7+ Qxf7 40. Qe5+ Qf6 41. Qxc5 Qf4+ 42. Kg1 Qc1+ 43. Kh2 Qf4+ 44. Kg1 Qc1+ 45. Kf2 Qf4+ 46. Kg1 1/2-1/2


[Site "https://www.chess.com"]